 Dungeon Crawl Stone Soup version 0.32-a0-875-g23b751d0ae (webtiles) character file.

Game seed: 17531647365224167433

291060 Kenran the Wrestler (level 19, -40/185 HPs)
             Began as a Minotaur Alchemist on Mar 31, 2024.
             Was the Champion of Cheibriados.
             Annihilated by a stone giant (49 damage)
             ... on level 3 of the Vaults.
             The game lasted 01:09:43 (31184 turns).

Kenran the Wrestler (Minotaur Alchemist)           Turns: 31184, Time: 01:09:43

Health: -40/185    AC: 51    Str: 38    XL:     19   Next: 95%
Magic:  17/27      EV: 13    Int: 27    God:    Cheibriados [******]
Gold:   217        SH: 20    Dex: 30    Spells: 19/20 levels left

rFire   + +          .
                       - Unarmed
rCold   + . .        F - +1 tower shield {AC+3}
rNeg    + + +        K - +11 crystal plate armour
rPois   +            (helmet restricted)
rElec   +            O - +2 cloak "Xumiusad" {rElec rCorr}
rCorr   +            v - +2 pair of gloves "Miwoann" {rElec}
SInv    .            A - +2 pair of boots of the First Mystics {Str+4}
Will    .....        i - amulet of regeneration Stlth
                     y - ring "Koeckodgho" {*Corrode Fly rF++ Dex+2 Stlth+}
HPRegen 1.30/turn    g - ring of Impatience {rPois rC+ rN+++ Will- rCorr}
MPRegen 0.20/turn

%: corrode self (3%)
@: corroded, flying, slowed, very slow
A: horns 2, retaliatory headbutt
}: 2/15 runes: decaying, serpentine
a: Renounce Religion, Bend Time, Temporal Distortion, Slouch, Step From Time


You were on level 3 of the Vaults.
You worshipped Cheibriados.
Cheibriados was exalted by your worship.
You visited 6 branches of the dungeon, and saw 33 of its levels.
You visited 1 bazaar.
You also visited: Ossuary and Ice Cave.

You collected 5212 gold pieces.
You spent 4995 gold pieces at shops.

Inventory:

Armour
 v - the +2 pair of gloves "Miwoann" (worn) {rElec}
   (You bought it in a shop on level 4 of the Snake Pit)

   rElec:     It insulates you from electricity.
 A - the +2 pair of boots of the First Mystics (worn) {Str+4}
   (You bought it in a shop on level 4 of the Snake Pit)

   Str+4:     It affects your strength (+4).
 F - a +1 tower shield of protection (worn)
 K - a +11 crystal plate armour (worn)
 O - the +2 cloak "Xumiusad" (worn) {rElec rCorr}
   (You found it on level 2 of the Snake Pit)

   rElec:     It insulates you from electricity.
   rCorr:     It protects you from acid and corrosion.
Jewellery
 g - the ring of Impatience (right hand) {rPois rC+ rN+++ Will- rCorr}
   (You found it in an ice cave)

   [ring of protection from cold]

   rC+:       It protects you from cold.
   rPois:     It protects you from poison.
   rN+++:     It renders you almost immune to negative energy.
   Will-:     It decreases your willpower.
   rCorr:     It protects you from acid and corrosion.
 i - an amulet of regeneration (around neck)
 y - the ring "Koeckodgho" (left hand) {*Corrode Fly rF++ Dex+2 Stlth+}
   (You found it on level 7 of the Dungeon)

   [ring of flight]

   Dex+2:     It affects your dexterity (+2).
   rF++:      It greatly protects you from fire.
   Fly:       It grants you flight.
   *Corrode:  It may corrode you when you take damage.
   Stlth+:    It makes you more stealthy.
 N - a ring of willpower
Wands
 e - a wand of digging (24)
 m - a wand of charming (44)
 n - a wand of polymorph (11)
 q - a wand of quicksilver (7)
 C - a wand of flame (7)
 G - a wand of iceblast (21)
Scrolls
 h - 13 scrolls of teleportation
 j - 2 scrolls of butterflies
 k - 4 scrolls of poison
 p - 4 scrolls of fear
 r - 3 scrolls of fog
 s - 6 scrolls of immolation {!r}
 w - 3 scrolls of revelation
 H - 3 scrolls of silence
 I - 4 scrolls of blinking
 L - 2 scrolls of identify {@r1}
 Q - a scroll of enchant armour
Potions
 a - 3 potions of berserk rage {!q}
 b - 3 potions of magic
 c - 9 potions of enlightenment
 d - 4 potions of invisibility
 f - 16 potions of curing {@q1}
 l - a potion of haste
 o - 3 potions of cancellation
 t - 8 potions of mutation {!q}
 u - 9 potions of heal wounds {@q2}
 x - 6 potions of ambrosia
 z - 7 potions of might
 D - 5 potions of lignification {!q}
 M - a potion of resistance
 P - 2 potions of attraction {unknown}
Miscellaneous
 B - a box of beasts
 E - a condenser vane
 J - a lightning rod (4/4)


   Skills:
 - Level 20.0 Fighting
 + Level 21.7 Armour
 - Level 8.1 Dodging
 - Level 1.5 Stealth
 - Level 8.0 Shields
 - Level 24.0 Unarmed Combat
 - Level 1.3 Spellcasting
 - Level 0.6 Conjurations
 - Level 2.1 Alchemy
 - Level 13.0 Invocations


You had 19 spell levels left.
You knew the following spells:

 Your Spells              Type           Power      Damage    Failure   Level
a - Sting                 Conj/Alch      36%        1d5       65%         1

Your spell library contained the following spells:

 Spells                   Type           Power      Damage    Failure   Level
 Magic Dart               Conj           20%        1d4       75%         1
 Kiss of Death            Conj/Necr      12%        2d6       80%         1
 Mercury Vapours          Alch/Air       14%        N/A       82%         2
 Apportation              Tloc           2%         N/A       83%         1
 Necrotise                Necr           4%         1d4       83%         1
 Slow                     Hex            4%         N/A       83%         1
 Summon Small Mammal      Summ           4%         N/A       83%         1
 Cigotuvi's Dreadful Rot  Necr/Alch/Air  10%        N/A       86%         2
 Searing Ray              Conj           10%        2d4       87%         2
 Static Discharge         Conj/Air       6%         3-4/arc   90%         2
 Blink                    Tloc           2%         N/A       92%         2
 Call Imp                 Summ           2%         N/A       92%         2
 Ensorcelled Hibernation  Hex/Ice        2%         N/A       92%         2
 Jinxbite                 Hex            2%         N/A       92%         2
 Lesser Beckoning         Tloc           2%         N/A       92%         2
 Scorch                   Fire           2%         2d5       92%         2
 Sublimation of Blood     Necr           1%         N/A       92%         2
 Mephitic Cloud           Conj/Alch/Air  6%         N/A       97%         3
 Confusing Touch          Hex            1%         N/A       99%         3
 Fugue of the Fallen      Necr           1%         N/A       99%         3
 Inner Flame              Hex/Fire       1%         N/A       99%         3
 Ozocubu's Armour         Ice            1%         N/A       99%         3
 Passwall                 Erth           1%         N/A       99%         3
 Sigil of Binding         Hex            1%         N/A       99%         3
 Summon Ice Beast         Ice/Summ       1%         N/A       99%         3
 Swiftness                Air            1%         N/A       99%         3
 Teleport Other           Tloc           1%         N/A       99%         3
 Tukima's Dance           Hex            1%         N/A       99%         3
 Vampiric Draining        Necr           1%         2d6       99%         3
 Olgreb's Toxic Radiance  Alch           13%        N/A       99%         4
 Airstrike                Air            0%         2d(1-17)  100%        4
 Cause Fear               Hex            0%         N/A       100%        4
 Dimensional Bullseye     Hex/Tloc       0%         N/A       100%        4
 Dispel Undead            Necr           1%         3d6       100%        4
 Flame Wave               Conj/Fire      3%         2d5       100%        4
 Fulminant Prism          Conj/Alch      4%         3d5       100%        4
 Ignite Poison            Fire/Alch      7%         N/A       100%        4
 Iskenderun's Mystic Bla Conj/Tloc 3%             2d3        (+2d1     100%        4
 Maxwell's Portable Pile  Tloc           1%         2d(5-10)  100%        4
 Petrify                  Alch/Erth      7%         N/A       100%        4
 Sticky Flame             Fire/Alch      7%         2d4       100%        4
 Summon Lightning Spire   Summ/Air       1%         N/A       100%        4
 Alistair's Intoxication  Alch           8%         N/A       100%        5
 Curse of Agony           Necr           1%         N/A       100%        5
 Fireball                 Conj/Fire      1%         3d3       100%        5
 Freezing Cloud           Conj/Ice/Air   1%         6-21      100%        5
 Irradiate                Conj/Alch      4%         3d13      100%        5
 Summon Mana Viper        Hex/Summ       1%         N/A       100%        5
 Death Channel            Necr           0%         N/A       100%        6
 Sculpt Simulacrum        Ice/Alch       3%         N/A       100%        6
 Summon Cactus Giant      Summ           0%         N/A       100%        6
 Manifold Assault         Tloc           0%         N/A       100%        7
 Monstrous Menagerie      Summ           0%         N/A       100%        7
 Summon Hydra             Summ           0%         N/A       100%        7
 Ignition                 Fire           0%         3d3       100%        8
 Dragon's Call            Summ           0%         N/A       100%        9


Dungeon Overview and Level Annotations

Branches:
Dungeon (15/15)            Temple (0/1) D:4            Lair (5/5) D:9
  Swamp (4/4) Lair:3        Snake (4/4) Lair:2        Slime (0/5) Lair:4
    Orc (2/2) D:12            Elf (0/3) Orc:2        Vaults (3/5) D:13
  Crypt (0/3) Vaults:2     Depths (0/4) D:15        Ossuary (visited)
  IceCv (visited)

Altars:
Ashenzari
Cheibriados
Dithmenos
Elyvilon
Fedhas
Gozag
Sif Muna
Wu Jian
Xom
Yredelemnul
Zin
Beogh
Jiyva

Shops:
D:2 *   D:10 (   D:15 *   Orc:2 [[:*   Snake:2 =:=   Snake:3 (   Snake:4 =[([
Vaults:2 [!*!   Vaults:3 :

Annotations:
D:12 3 runed translucent doors, terter's ghost, journeyman MiMo
Snake:2 1 runed translucent door
Snake:4 6 transporters
Vaults:3 2 transporters, exclusion: obsidian statue


Innate Abilities, Weirdness & Mutations

You have a pair of horns on your head.
You reflexively headbutt those who attack you in melee.


Message History

The yaktaur hits you but does no damage.
The stone giant hits you but does no damage.
The ironbound convoker hits you but does no damage.
The tengu reaver casts a spell at you.
The bolt of cold hits you but does no damage.
The sphinx hits you.
* * * LOW HITPOINT WARNING * * *
The sphinx barely misses you. The sphinx hits you but does no damage.
You can move again.
Unknown command.
Unknown command.
Unknown command.
Unknown command.
Unknown command.
Activating: Slouch (1% risk of failure)
Press: ? - help, Dir - look around, f - activate You can feel time thicken for a moment.
You kill the ironbound convoker!
Cheibriados appreciates the change of pace.
The yaktaur hits you!
* * * LOW HITPOINT WARNING * * *
Your corrosive artefact corrodes you!
You block the sphinx's attack. x2
The sphinx hits you but does no damage. The stone giant misses you.
The tengu reaver gestures at you while chanting.
The bolt of poison misses you. You block the yaktaur's attack.
Activating: Slouch (1% risk of failure)
Press: ? - help, Dir - look around, f - activate You can feel time thicken for a moment.
You kill the yaktaur!
Cheibriados appreciates the change of pace.
The sphinx hits you but does no damage. You block the sphinx's attack. x2
The stone giant hits you!!!
* * * LOW HITPOINT WARNING * * *
You block the tengu reaver's attack. x2
The tengu reaver claws you but does no damage.
The sphinx hits you but does no damage. x3
The vault warden hits you but does no damage.
The stone giant hits you!!!
You die...
Cheibriados appreciates the motionlessness of death. ≣≣...≣≣ ≣ ≣≣≣≣≣≣''≣≣≣≣≣

≣≣≣≣≣≣≣≣.≣.≣...≣.≣.≣≣≣
≣......≣≣.≣.≣.≣[≣.≣≣..
≣......+.≣.≣.≣.≣.≣.≣..
≣......≣≣.≣.≣.≣.≣.≣≣.>
≣......≣.≣.≣.≣.≣.≣.≣..
≣...pCQ≣..≣.≣.≣.≣..+..
≣...)@.≣.≣.≣.≣.≣.≣.≣..
≣.....H≣≣.≣.≣.≣.≣.≣≣≣≣
≣......+.≣.≣.≣.≣<≣.'..
≣......≣≣.≣.≣.≣.≣.≣≣..
≣......≣.≣.≣...≣.≣.≣..
≣≣≣≣≣≣≣≣'≣≣≣≣≣≣≣≣≣≣≣..
≣≣≣≣.≣≣≣≣ ≣..
≣.≣≣.≣≣.≣ ≣..
≣..≣.≣..≣ ≣..


You could see a sphinx, a stone giant (strong), a vault warden and a tengu
reaver (repels missiles).

Vanquished Creatures
  Mara (Snake:4)
  A bone dragon (Vaults:2)
  Rupert (D:15)
  Jorgrun (Orc:2)
  A tentacled monstrosity (Swamp:4)
  Asterion (Snake:4)
  2 sphinxes (Vaults:3)
  A thorn hunter (Swamp:2)
  An azure jelly (IceCv)
  8 nagarajas
  A frost giant (Vaults:2)
  3 vault wardens
  Louise (Snake:3)
  An orc warlord (Vaults:1)
  8 ironbound preservers
  5 ironbound thunderhulks
  2 stone giants (Vaults:1)
  4 eleionomae
  A quicksilver ooze (IceCv)
  Nessos (Orc:2)
  A deep elf annihilator (Vaults:2)
  4 dire elephants
  3 bunyips
  Azrael (D:12)
  Snorg (Lair:3)
  3 entropy weavers
  6 yaktaur captains
  4 ice dragons (Swamp:4)
  A shambling mangrove (Swamp:4)
  3 ghost crabs (Swamp:3)
  5 great orbs of eyes
  15 hydras
  The ghost of Syneil the Skirmisher, a journeyman CoHu of Qazlal (D:10)
  6 ironbound frosthearts
  2 salamander tyrants
  4 vault guards (D:13)
  6 alligators
  19 centaur warriors
  A peacekeeper (Vaults:3)
  Erica (D:8)
  3 catoblepae
  3 boulder beetles
  15 anacondas
  7 two-headed ogres
  2 tengu warriors
  Urug (D:11)
  16 naga warriors
  3 shock serpents
  5 orc high priests (Orc:2)
  2 skysharks
  A skeletal warrior (D:13)
  11 naga sharpshooters
  Sonja (Lair:2)
  A salamander mystic (Snake:2)
  28 deep trolls
  15 goliath frogs
  8 mana vipers
  A death drake (Swamp:4)
  Lodul (D:10)
  8 naga ritualists
  6 arcanists
  10 ironbound convokers
  5 lindwurms
  A bog body (Swamp:2)
  5 spriggan druids
  5 swamp dragons
  12 orc knights
  A necromancer (Vaults:3)
  2 orc sorcerers
  3 deep elf pyromancers
  2 oklob plants (Lair:4)
  Maurice (D:7)
  A wolf spider (D:15)
  3 manticores
  30 ugly things
  3 will-o-the-wisps
  18 salamanders
  10 cyclopes
  11 elephants
  4 guardian serpents
  13 vault sentinels
  2 ice statues (IceCv)
  4 kobold blastminers
  A black mamba (shapeshifter) (D:13)
  7 gargoyles
  31 black mambas
  23 naga magi
  Joseph (D:8)
  7 cane toads
  12 komodo dragons
  An unseen horror (D:13)
  A kobold demonologist (D:13)
  7 rime drakes (Lair:4)
  26 yaktaurs
  An efreet (D:14)
  4 freezing wraiths (Swamp:4)
  A bloated husk (Swamp:1)
  5 polar bears
  11 tyrant leeches
  2 trolls
  22 hornets
  8 blink frogs
  58 slime creatures
  A spriggan (shapeshifter) (D:15)
  2 shadows
  A centaur simulacrum (D:13)
  34 spriggans
  2 vampires
  34 yaks
  5 fire elementals (D:12)
  11 wyverns
  2 wraiths
  15 basilisks
  2 steam dragons
  2 redbacks
  7 swamp worm simulacra (Swamp:4)
  38 nagas
  19 vampire mosquitoes
  14 swamp worms
  3 acid dragons
  4 hell hounds
  2 great orb of eyes simulacra (IceCv)
  14 hydra simulacra (Swamp:4)
  9 water moccasins
  7 black bears
  A swamp drake (Swamp:1)
  An ice beast (D:8)
  4 laughing skulls
  37 orc warriors
  A sky beast (D:4)
  7 boggarts
  15 ogres
  34 wolves
  16 centaurs
  6 kobold brigands
  A slime creature simulacrum (IceCv)
  An elf zombie (Ossuary)
  3 gnoll sergeants (D:10)
  6 bullfrogs
  5 glowing shapeshifter simulacra
  A human simulacrum (Vaults:3)
  A cane toad simulacrum (Lair:1)
  2 scorpions
  A burial acolyte (Ossuary)
  25 wights
  3 killer bees (D:8)
  An electric eel (D:8)
  4 howler monkeys
  3 hounds (D:4)
  6 jellies
  2 centaur zombies (Ossuary)
  2 human zombies (Ossuary)
  Crazy Yiuf (D:7)
  47 orc priests
  Jessica (D:2)
  3 sleepcaps
  3 iguanas
  30 orc wizards
  13 hell rats
  A polar bear simulacrum (Lair:1)
  4 shapeshifter simulacra (IceCv)
  A bullfrog simulacrum (Ossuary)
  A crocodile zombie (Ossuary)
  2 hound zombies (Ossuary)
  3 mummies (Ossuary)
  Robin (D:2)
  40 gnolls
  8 adders
  A white imp (D:7)
  2 ufetubi (D:6)
  A swamp drake simulacrum (Swamp:4)
  4 adder zombies (Ossuary)
  A dart slug (D:2)
  3 ribbon worms (D:3)
  147 orcs
  7 ball pythons
  8 endoplasms
  5 giant cockroaches
  3 gnoll zombies (Ossuary)
  9 goblins
  7 hobgoblins
  12 jackals
  33 kobolds
  4 quokkas
  3 ball python zombies (Ossuary)
  4 bats
  3 frilled lizards
  7 jackal zombies (Ossuary)
  2 kobold zombies (Ossuary)
  3 rats
  A spectral weapon (Snake:4)
1491 creatures vanquished.

Vanquished Creatures (others)
  A naga sharpshooter (Snake:4)
  An orc wizard (D:6)
  18 foxfires
20 creatures vanquished.

Grand Total: 1511 creatures vanquished

Notes
Turn   | Place    | Note
-------+----------+-------------------------------------------
     0 | D:1      | Kenran the Minotaur Alchemist began the quest for the Orb.
     0 | D:1      | Reached XP level 1. HP: 14/14 MP: 1/1
   121 | D:1      | Reached skill level 1 in Armour
   170 | D:1      | Reached skill level 1 in Unarmed Combat
   235 | D:1      | Reached XP level 2. HP: 20/20 MP: 3/3
   485 | D:1      | Found a faded altar of an unknown god.
   496 | D:1      | Prayed at the altar of an unknown god.
   496 | D:1      | Became a worshipper of Cheibriados the Contemplative
   496 | D:1      | Reached * piety under Cheibriados
   698 | D:2      | Reached skill level 2 in Unarmed Combat
   698 | D:2      | Reached XP level 3. HP: 26/26 MP: 4/4
  1033 | D:2      | Found Zuigemall's General Store.
  1048 | D:2      | Bought a scroll of teleportation for 42 gold pieces
  1067 | D:2      | Noticed Jessica
  1085 | D:2      | Killed Jessica
  1086 | D:2      | Reached XP level 4. HP: 19/33 MP: 5/5
  1143 | D:2      | Noticed Robin
  1164 | D:2      | Reached skill level 3 in Unarmed Combat
  1171 | D:2      | Reached ** piety under Cheibriados
  1180 | D:2      | Killed Robin
  1640 | D:3      | Reached skill level 4 in Unarmed Combat
  1790 | D:3      | Reached XP level 5. HP: 32/38 MP: 6/6
  2076 | D:3      | Found an ornate altar of the Wu Jian Council.
  2077 | D:3      | Found an opulent altar of Gozag.
  2079 | D:3      | Found a blossoming altar of Fedhas.
  2170 | D:3      | Reached *** piety under Cheibriados
  2270 | D:4      | Reached skill level 5 in Unarmed Combat
  2351 | D:4      | Found a staircase to the Ecumenical Temple.
  2416 | D:4      | Noticed a black bear
  2423 | D:4      | Killed a black bear
  2424 | D:4      | Reached skill level 1 in Shields
  2424 | D:4      | Reached skill level 6 in Unarmed Combat
  2424 | D:4      | Reached XP level 6. HP: 45/45 MP: 7/7
  2574 | D:3      | Found a shimmering blue altar of Sif Muna.
  2574 | D:3      | Found a broken altar of Ashenzari.
  2746 | D:4      | Noticed a sky beast
  2750 | D:4      | Killed a sky beast
  2750 | D:4      | Reached **** piety under Cheibriados
  2751 | D:4      | Reached XP level 7. HP: 44/50 MP: 8/8
  2797 | D:4      | Reached skill level 7 in Unarmed Combat
  2951 | D:4      | Reached ***** piety under Cheibriados
  3158 | D:4      | Reached skill level 5 in Armour
  3217 | D:4      | Reached XP level 8. HP: 57/57 MP: 9/9
  3450 | D:5      | Entered Level 5 of the Dungeon
  3460 | D:5      | Reached skill level 8 in Unarmed Combat
  3698 | D:5      | Reached skill level 9 in Unarmed Combat
  4251 | D:6      | Reached skill level 10 in Unarmed Combat
  4360 | D:6      | Found a sand-covered staircase.
  4367 | Ossuary  | Entered an ossuary
  4433 | Ossuary  | Reached skill level 11 in Unarmed Combat
  4503 | Ossuary  | Reached XP level 9. HP: 62/62 MP: 10/10
  4766 | D:6      | Reached skill level 12 in Unarmed Combat
  4896 | D:6      | Found a shimmering altar of Xom.
  5115 | D:7      | Noticed Maurice
  5119 | D:7      | Reached skill level 1 in Fighting
  5120 | D:7      | Reached ****** piety under Cheibriados
  5125 | D:7      | Reached skill level 1 in Invocations
  5126 | D:7      | Something stole a ring of protection from cold
  5130 | D:7      | Something stole a throwing net
  5139 | D:7      | Something stole 339 gold
  5140 | D:7      | Something stole 85 gold
  5145 | D:7      | Killed Maurice
  5227 | D:7      | Found a glowing silver altar of Zin.
  5461 | D:7      | Reached skill level 5 in Invocations
  5627 | D:7      | Identified the ring "Koeckodgho" {*Corrode Fly rF++ Dex+2
                  | Stlth+}
  5653 | D:7      | Found a runed translucent door.
  5654 | D:7      | Noticed Crazy Yiuf
  5910 | D:7      | Identified the +8 chain mail of Zyj Cuent {^Drain rF+++
                  | Will- Str+8}
  5941 | D:7      | Noticed a gargoyle
  5948 | D:7      | Killed a gargoyle
  5949 | D:7      | Reached XP level 10. HP: 61/78 MP: 12/12
  6121 | D:7      | Killed Crazy Yiuf
  6378 | D:8      | Found a shadowy altar of Dithmenos.
  6378 | D:8      | Found a snail-covered altar of Cheibriados.
  6632 | D:8      | Noticed Erica
  6641 | D:8      | Killed Erica
  6642 | D:8      | Reached skill level 13 in Unarmed Combat
  6660 | D:8      | Noticed Joseph
  6674 | D:8      | Killed Joseph
  7157 | D:9      | Reached XP level 11. HP: 78/84 MP: 13/13
  7222 | D:9      | Reached skill level 10 in Armour
  7222 | D:9      | Reached skill level 14 in Unarmed Combat
  7238 | D:9      | Found a staircase to the Lair.
  7410 | D:9      | Reached skill level 5 in Fighting
  7567 | D:10     | Entered Level 10 of the Dungeon
  7580 | D:10     | Found a basalt altar of Yredelemnul.
  7713 | D:10     | Found Deleceusk's Antique Weapon Shoppe.
  7713 | D:10     | Noticed Lodul
  7733 | D:10     | Killed Lodul
  8034 | D:10     | Noticed Syneil's ghost (journeyman CoHu)
  8034 | D:10     | Noticed a spriggan rider
  8035 | D:10     | Found a runed translucent door.
  8035 | D:10     | Identified the +5 spear of Ligon {flame, rPois rN+}
  8108 | D:10     | Found a roughly hewn altar of Beogh.
  8504 | Lair:1   | Entered Level 1 of the Lair of Beasts
  8573 | Lair:1   | Found a frozen archway.
  8585 | IceCv    | Entered an ice cave
  8625 | IceCv    | Reached skill level 10 in Fighting
  8729 | IceCv    | Reached skill level 15 in Unarmed Combat
  8818 | IceCv    | Got the ring of Impatience {rPois rC+ rN+++ Will- rCorr}
  8912 | IceCv    | Reached XP level 12. HP: 106/106 MP: 3/14
  9009 | IceCv    | Found a viscous altar of Jiyva.
  9009 | IceCv    | Noticed an azure jelly
  9019 | IceCv    | Killed an azure jelly
  9020 | IceCv    | Reached skill level 16 in Unarmed Combat
  9027 | IceCv    | Noticed a quicksilver ooze
  9032 | IceCv    | Killed a quicksilver ooze
  9044 | IceCv    | Identified the ring "Zeim" {Ice SInv}
  9054 | IceCv    | Identified the +6 scale mail "Xoqufergh" {rN+ Int+3 Dex+4}
  9575 | Lair:1   | Reached skill level 5 in Dodging
  9961 | Lair:2   | Found a staircase to the Snake Pit.
 10050 | Lair:2   | Found the +18 Lear's hauberk
 10171 | Lair:2   | Noticed Sonja
 10182 | Lair:2   | Killed Sonja
 10449 | Lair:2   | Noticed a five-headed hydra
 10458 | Lair:2   | Killed a five-headed hydra
 10789 | Lair:3   | Reached XP level 13. HP: 113/113 MP: 15/15
 10890 | Lair:3   | Noticed Snorg
 10908 | Lair:3   | Killed Snorg
 11241 | Lair:3   | Identified the +4 short sword "Hurrieno" {elec, ^Drain
                  | rN+++ Int+2}
 11411 | Lair:3   | Found a staircase to the Swamp.
 11770 | Lair:4   | Found a staircase to the Slime Pits.
 12130 | Lair:4   | Reached skill level 17 in Unarmed Combat
 12435 | Lair:4   | Found a blossoming altar of Fedhas.
 12643 | Lair:5   | Entered Level 5 of the Lair of Beasts
 12882 | Lair:5   | Reached XP level 14. HP: 112/126 MP: 19/19
 13083 | Lair:5   | Reached skill level 18 in Unarmed Combat
 13098 | Lair:5   | Reached skill level 10 in Invocations
 13649 | D:10     | Killed Syneil's ghost
 13824 | D:11     | Identified a scroll of acquirement
 13825 | D:11     | Acquired 765 gold pieces
 13989 | D:11     | Noticed Urug
 13995 | D:11     | Killed Urug
 14162 | D:11     | Identified the +1 chain mail "Ranumock" {Rampage MP-9
                  | Str+3}
 14455 | D:12     | Noticed Azrael
 14475 | D:12     | Reached skill level 15 in Fighting
 14486 | D:12     | Killed Azrael
 14491 | D:12     | Found a staircase to the Orcish Mines.
 14504 | D:12     | Found a roughly hewn altar of Beogh.
 14529 | D:12     | Found a runed translucent gate.
 14529 | D:12     | Found a runed translucent gate.
 14529 | D:12     | Found a runed translucent gate.
 14532 | D:12     | Noticed an azure jelly
 14532 | D:12     | Noticed an acid blob
 14532 | D:12     | Noticed an azure jelly
 14532 | D:12     | Noticed an azure jelly
 14532 | D:12     | Noticed an acid blob
 14533 | D:12     | Noticed terter's ghost (journeyman MiMo)
 14533 | D:12     | Noticed an acid blob
 14533 | D:12     | Noticed a quicksilver ooze
 14534 | D:12     | Noticed an acid blob
 14534 | D:12     | Noticed an azure jelly
 14534 | D:12     | Noticed an acid blob
 14536 | D:12     | Found a viscous altar of Jiyva.
 14726 | D:12     | Reached skill level 15 in Armour
 14731 | D:12     | Got the Discursus on Debased Mysteries
 15159 | D:13     | Found a gate to the Vaults.
 15173 | D:13     | Reached XP level 15. HP: 141/141 MP: 21/21
 15555 | D:13     | Reached skill level 5 in Shields
 16097 | Orc:1    | Entered Level 1 of the Orcish Mines
 16658 | Orc:1    | Found a roughly hewn altar of Beogh.
 16725 | Orc:2    | Entered Level 2 of the Orcish Mines
 16830 | Orc:2    | Noticed Jorgrun
 16831 | Orc:2    | Noticed Nessos
 16842 | Orc:2    | Killed Nessos
 16849 | Orc:2    | Killed Jorgrun
 16851 | Orc:2    | Paralysed by an orc sorcerer for 4 turns
 16909 | Orc:2    | Found a staircase to the Elven Halls.
 17562 | Orc:2    | Found Vataas's Antique Armour Shop.
 17562 | Orc:2    | Found Docepofe's Assorted Antiques.
 17563 | Orc:2    | Found Bynar's Armour Shop.
 17563 | Orc:2    | Found Areom's Book Boutique.
 17574 | Orc:2    | Bought a potion of curing for 78 gold pieces
 17574 | Orc:2    | Bought a scroll labelled UKE XEH KEST for 26 gold pieces
 17574 | Orc:2    | Bought a potion of curing for 78 gold pieces
 17574 | Orc:2    | Bought a bubbling sapphire potion for 23 gold pieces
 18115 | D:14     | Reached skill level 19 in Unarmed Combat
 18791 | D:14     | Reached XP level 16. HP: 149/149 MP: 24/24
 19251 | D:15     | Entered Level 15 of the Dungeon
 19256 | D:15     | Found Jubb's Fire Supplies.
 19490 | D:15     | Noticed Rupert
 19499 | D:15     | Paralysed by Rupert for 3 turns
 19506 | D:15     | Killed Rupert
 19507 | D:15     | Reached skill level 20 in Unarmed Combat
 19638 | D:15     | Found a staircase to the Depths.
 20475 | Swamp:1  | Entered Level 1 of the Swamp
 21300 | Swamp:2  | Noticed a thorn hunter
 21311 | Swamp:2  | Killed a thorn hunter
 21557 | Swamp:3  | Reached skill level 21 in Unarmed Combat
 21564 | Swamp:3  | Reached XP level 17. HP: 104/158 MP: 15/25
 21969 | Swamp:4  | Entered Level 4 of the Swamp
 21969 | Swamp:4  | Noticed a tentacled monstrosity
 21979 | Swamp:4  | Killed a tentacled monstrosity
 22774 | Swamp:4  | Got a decaying rune of Zot
 22978 | Snake:1  | Entered Level 1 of the Snake Pit
 23206 | Snake:1  | Reached skill level 22 in Unarmed Combat
 23271 | Snake:1  | You are sucked into a shaft and drop 1 floor!
 23530 | Snake:2  | Found an ornate altar of the Wu Jian Council.
 23581 | Snake:2  | Identified the +2 cloak "Xumiusad" {rElec rCorr}
 23606 | Snake:2  | Found a runed translucent door.
 24062 | Snake:2  | Got the Spellbook of Peregrination and the Magnum Opus
 24281 | Snake:2  | Found Guokh's Book Shop.
 24283 | Snake:2  | Found Kinentei's Jewellery Emporium.
 24283 | Snake:2  | Found Plog's Jewellery Emporium.
 24607 | Snake:3  | Reached XP level 18. HP: 134/170 MP: 26/26
 24705 | Snake:3  | Got the Vellum of the Grue
 24836 | Snake:3  | Found Dussuci's Weapon Boutique.
 24836 | Snake:3  | Found Raunk's Magic Scroll Shop.
 24851 | Snake:3  | Bought a scroll of fear for 44 gold pieces
 24851 | Snake:3  | Bought a scroll of fear for 44 gold pieces
 24851 | Snake:3  | Bought a scroll of teleportation for 33 gold pieces
 24851 | Snake:3  | Bought a scroll of teleportation for 33 gold pieces
 24851 | Snake:3  | Bought a scroll of fog for 44 gold pieces
 24851 | Snake:3  | Bought a scroll of silence for 104 gold pieces
 24871 | Snake:3  | Noticed Louise
 24885 | Snake:3  | Killed Louise
 24916 | Snake:3  | Reached skill level 23 in Unarmed Combat
 25825 | Snake:4  | Entered Level 4 of the Snake Pit
 25825 | Snake:4  | Found a flickering gateway to a bazaar.
 25826 | Snake:4  | Found a transporter.
 25864 | Snake:4  | Found Woluosm's Jewellery Boutique.
 25865 | Snake:4  | Found Fieriot's Antique Armour Emporium.
 25898 | Snake:4  | Found Wuirefum's Armour Boutique.
 25931 | Snake:4  | Found Yhoff's Weapon Boutique.
 25970 | Snake:4  | Found a transporter.
 25973 | Snake:4  | Found a transporter.
 25986 | Bazaar   | Entered a bazaar
 25986 | Bazaar   | Found Kiewn's Book Boutique.
 25990 | Bazaar   | Found Leux's Weapon Emporium.
 26002 | Bazaar   | Found Nuiwn's Antique Armour Emporium.
 26022 | Bazaar   | Found Hycix's Armour Shop.
 26078 | Snake:4  | Bought a runed crystal plate armour for 2988 gold pieces
 26078 | Snake:4  | Bought a runed kite shield for 270 gold pieces
 26188 | Snake:4  | Noticed Asterion
 26189 | Snake:4  | Found a transporter.
 26201 | Snake:4  | Killed Asterion
 26212 | Snake:4  | Found a transporter.
 26454 | Snake:4  | Found a transporter.
 26472 | Snake:4  | Noticed Mara
 26475 | Snake:4  | Noticed Kenran's illusion
 26511 | Snake:4  | Killed Mara
 26596 | Snake:4  | Bought the +2 pair of gloves "Miwoann" {rElec} for 342 gold
                  | pieces
 26596 | Snake:4  | Bought the +2 pair of boots of the First Mystics {Str+4}
                  | for 358 gold pieces
 27028 | Snake:4  | Reached skill level 24 in Unarmed Combat
 27399 | Snake:4  | Got a serpentine rune of Zot
 27704 | Vaults:1 | Entered Level 1 of the Vaults
 28249 | Vaults:1 | Reached XP level 19. HP: 165/177 MP: 27/27
 28980 | Vaults:2 | Found Xatran's Antique Armour Shop.
 29010 | Vaults:2 | Found a white marble altar of Elyvilon.
 29262 | Vaults:2 | Noticed a bone dragon
 29274 | Vaults:2 | Killed a bone dragon
 29276 | Vaults:2 | Found a staircase to the Crypt.
 29559 | Vaults:2 | Found Tiguapsai's Assorted Antiques.
 29568 | Vaults:2 | Bought a puce potion for 21 gold pieces
 29568 | Vaults:2 | Bought a potion of might for 96 gold pieces
 29618 | Vaults:2 | Found Xuce's Distillery.
 29625 | Vaults:2 | Bought a potion of might for 48 gold pieces
 29625 | Vaults:2 | Bought a potion of curing for 36 gold pieces
 29625 | Vaults:2 | Bought a potion of heal wounds for 60 gold pieces
 29625 | Vaults:2 | Bought a potion of curing for 36 gold pieces
 29625 | Vaults:2 | Bought 2 potions of might for 96 gold pieces
 29684 | Vaults:2 | Found Wigyupna's Distillery.
 29690 | Vaults:2 | Bought a potion of heal wounds for 95 gold pieces
 30304 | Vaults:3 | Found a transporter.
 30317 | Vaults:3 | Found a transporter.
 30720 | Vaults:3 | Found Bifavvaf's Book Shoppe.
 31177 | Vaults:3 | Paralysed by a sphinx for 5 turns
 31184 | Vaults:3 | HP: 9/185 [stone giant (38)]
 31184 | Vaults:3 | Annihilated by a stone giant

Illustrated notes

Levels and vault maps discovered:
D:1:      amcnicky_arrival_single_pillar, layout_loops_cross,
          dreamdust_ecumenical_altar_hidden_monk_grotto
D:2:      minmay_skewed_foursquare, layout_basic, serial_shops,
          nicolae_shop_stone, serial_aquarium, aquarium_bridge_square
          [aquarium_subvault_bridge, aquarium_subvault_wall,
          aquarium_subvault_wall, aquarium_subvault_bridge],
          aquarium_bridge_straight [aquarium_subvault_bridge,
          aquarium_subvault_wall, aquarium_subvault_bridge,
          aquarium_subvault_window], aquarium_window_fake, aquarium_window_1,
          aquarium_window_3, aquarium_view_2b, aquarium_view_2d, uniq_jessica,
          uniq_robin
D:3:      layout_basic, nicolae_overflow_hidden_temple,
          hangedman_abyss_or_decor_lesser_grid, corner_web_ring, nrook_uturn,
          minmay_misc_feat_square
D:4:      lemuel_castle_with_subvaults [lemuel_castle_interior_original],
          layout_gridville, minmay_temple_entry_butterflies
D:5:      layout_cave_pods
D:6:      dreamdust_elfheim, layout_loops_cross, mainiacjoe_overflow_alcove_4,
          nicolae_ossuary_entry_monument
D:7:      layout_loops_ring, amcnicky_altar_gilded, uniq_crazy_yiuf_cottage,
          uniq_maurice
D:8:      layout_loops_ring, nicolae_overflow_two_pavilions, uniq_joseph,
          uniq_erica
D:9:      layout_irregular_city, minmay_lair_entry_grove
D:10:     layout_roguey, lemuel_doored_altar, ebering_ghost_funeral_grove,
          special_room [special_room_orc], serial_shops,
          nicolae_shop_overgrown_old_shop, uniq_lodul
D:11:     layout_loops_ring, uniq_urug
D:12:     layout_roguey, minmay_orc_entry_temple_small, gammafunk_ghost_ooze,
          cheibrodos_lost_city_excavation, uniq_azrael
D:13:     four-leaf_vault, layout_loops_ring, lightli_vaults_fourway_checkpoint
D:14:     layout_layer_cave, amcnicky_mini_pool_small,
          minmay_fractal_squares_gapless_7
D:15:     hangedman_depths_entry_try_elsewhere_first, layout_rooms,
          nicolae_sextant, nicolae_shop_fire_sale [nicolae_sub_dead_trees],
          serial_bayou_lagoon_a, uniq_rupert
Lair:1:   layout_cave_pods, portal_ice_cave_entry_ice_simulacra
Lair:2:   layout_cave_pods, nicolae_snake_entry_squirm, grunt_megastairs_5,
          lemuel_fruit_fields, uniq_sonja
Lair:3:   layout_regular_city, palyth_hydra_swamp_entry, uniq_snorg
Lair:4:   layout_roguey [special_room_mythical_zoo],
          nicolae_slime_entry_slimehenge, hangedman_tree_tricks,
          kennysheep_basilisk_garden
Lair:5:   minmay_lair_end_enchanted_forest, layout_long_grid
Swamp:1:  layout_basic_swamp, evilmike_swamp_ruin_house_1,
          infiniplex_staircase_pool
Swamp:2:  layout_basic_swamp, evilmike_swamp_ruin_rubble_2
Swamp:3:  layout_basic_swamp, infiniplex_staircase_pool_2, swamp_pool_1_2
Swamp:4:  swamp_icy, layout_basic_swamp
Snake:1:  layout_rooms
Snake:2:  cheibrodos_toxic_ritual, layout_onion, basic_altar,
          grunt_ministairs_13, nicolae_snake_salamander_fort, minmay_shop_grove
Snake:3:  layout_layer_cave, minmay_shoptagon, uniq_louise
Snake:4:  snake_pit, layout_cave_town, serial_shops, bzr_entry_water,
          nicolae_shop_waterfront, nicolae_shop_hallway_plus,
          nicolae_shop_stone, nicolae_shop_overgrown_old_shop,
          serial_nicolae_subway, nicolae_sub_station_metal,
          nicolae_sub_station_stone, nicolae_sub_station_crystal,
          serial_bayou_shore_b, uniq_mara, uniq_asterion
Orc:1:    layout_diamond_mine, lightli_church_of_beogh
Orc:2:    st_orc_pillars, layout_diamond_mine, uniq_nessos, uniq_jorgrun
Vaults:1: serial_library_hellmonk_big_corner, vaults_room_fancy_cross,
          nicolae_vaults_trapezoid_lopsided_1, vaults_room_grid,
          ontoclasm_vaults_tryst, ontoclasm_vaults_twist, vaults_dpeg_diagonal,
          nicolae_vaults_network_periphery, nicolae_vaults_trapezoid_2,
          nicolae_vaults_antechamber_and_loot_room,
          ontoclasm_vaults_loading_screen, vaults_mumra_lcd,
          layout_vaults_quadrants
Vaults:2: v_misc_3, serial_library_hellmonk_open_cross,
          minmay_crypt_entry_nasty_monster, hangedman_vaults_trim,
          nicolae_vaults_hexular_roomagon, nicolae_vaults_shipping_containers_5,
          nicolae_vaults_tetromino_Z_1, lemuel_angel_altar,
          hangedman_vaults_variations, vaults_mumra_chevron_long,
          nicolae_vaults_tetromino_T_1, vaults_mumra_minichess_inversion,
          nicolae_vaults_big_angled_halls, layout_vaults_maze_snakey,
          serial_shops, nicolae_shop_trees, nicolae_shop_peninsula, shop, shop
Vaults:3: nicolae_vaults_closet_pinwheel_4,
          nicolae_vaults_offset_grid_hallway_1, v_misc_3,
          gammafunk_sealed_arena, nicolae_vaults_mini_display_case,
          vaults_mumra_hexcomb, nicolae_vaults_more_shelving_2,
          nicolae_vaults_tetromino_L_1, serial_ice_b, vaults_room_hallway,
          vaults_dpeg_emergency_exit, v_pattern_1, nicolae_vaults_asterisk,
          vaults_room_stairs_pillars, layout_vaults_omnicross, serial_shops,
          shop

Skill      XL: |  1  2  3  4  5  6  7  8  9 10 11 12 13 14 15 16 17 18 19 |
---------------+----------------------------------------------------------+-----
Armour         | 1 2 3 4 5 6 9 10 14 15 16 18 19 21 | 21.7
Unarmed Combat | 1 2 4 6 7 11 12 13 15 16 17 18 19 21 22 24 | 24.0
Shields        | 1 2 4 8 |  8.0
Fighting       | 4 10 12 15 17 20 | 20.0
Invocations    | 5 8 10 12 13 | 13.0
Dodging        | 5 8 |  8.1
Stealth        | |  1.5
Spellcasting   | |  1.3
Conjurations   | |  0.6
Alchemy        | |  2.1

Action                     |  1- 3 |  4- 6 |  7- 9 | 10-12 | 13-15 | 16-18 | 19-21 || total
---------------------------+-------+-------+-------+-------+-------+-------+-------++-------
  Melee: Unarmed           |    88 |   195 |   444 |   548 |  1098 |  1286 |   451 ||  4110
         Headbutt          |    10 |    44 |    92 |   130 |   290 |   366 |   133 ||  1065
         Punch             |     1 |       |       |       |       |       |       ||     1
 Invoke: Slouch            |       |       |       |     2 |    14 |     9 |     3 ||    28
  Evoke: Wand              |       |       |       |     1 |       |       |       ||     1
    Use: Scroll            |       |     5 |     6 |     8 |     6 |    19 |     1 ||    45
         Potion            |       |       |       |       |       |     2 |     2 ||     4
   Stab: Petrified         |       |       |       |       |     3 |       |       ||     3
         Sleeping          |       |       |       |       |       |     1 |       ||     1
 Armour: Chain mail        |    95 |   136 |   284 |   368 |   791 |   851 |       ||  2525
         Crystal plate arm |       |       |       |       |       |   182 |   357 ||   539
         Skin              |       |       |       |       |       |       |     3 ||     3
  Dodge: Dodged            |    26 |    55 |   148 |   198 |   498 |   461 |   166 ||  1552
  Block: Buckler           |     5 |    31 |    93 |   199 |   418 |       |       ||   746
         Kite shield       |       |       |       |       |    46 |   200 |       ||   246
         Tower shield      |       |       |       |       |       |  1274 |   542 ||  1816

Table legend: (Time is in decaauts)
 A = Elapsed time spent in this place.
 B = Non-inter-level travel time spent in this place.
 C = Inter-level travel time spent in this place.
 D = Time resting spent in this place.
 E = Time spent auto-exploring this place.
 F = Levels seen in this place.
 G = Mean time per level.
                   A        B        C        D        E       F      G
               +--------+--------+--------+--------+--------+-----+--------+
         Total |  52519 |  48459 |   4060 |   1687 |  35990 |  36 | 1458.9 |
       Dungeon |  22336 |  20449 |   1887 |    378 |  16071 |  15 | 1489.1 |
          Lair |   8377 |   7295 |   1082 |     61 |   5830 |   5 | 1675.4 |
         Swamp |   4157 |   3961 |    196 |    146 |   2754 |   4 | 1039.2 |
     Snake Pit |   7526 |   7179 |    347 |    599 |   4689 |   4 | 1881.5 |
  Orcish Mines |   3067 |   2684 |    383 |    106 |   1877 |   2 | 1533.5 |
        Vaults |   5746 |   5584 |    162 |    337 |   4288 |   3 | 1915.3 |
        Bazaar |    109 |    109 |      0 |      0 |     68 |   1 |  109.0 |
       Ossuary |    345 |    345 |      0 |      0 |    143 |   1 |  345.0 |
      Ice Cave |    852 |    852 |      0 |     59 |    268 |   1 |  852.0 |
               +--------+--------+--------+--------+--------+-----+--------+

Top non-repeatable levels by time:
 Snake:3: 2561 daAuts
 Snake:4: 2495 daAuts
    D:14: 2444 daAuts
    D:13: 2343 daAuts
Vaults:1: 2206 daAuts
    D:10: 1954 daAuts
     D:7: 1865 daAuts
  Lair:1: 1837 daAuts
     D:4: 1830 daAuts
Vaults:2: 1813 daAuts
  Lair:2: 1769 daAuts
  Lair:4: 1764 daAuts
  Lair:3: 1763 daAuts
Vaults:3: 1726 daAuts
   Orc:2: 1593 daAuts
